 Dungeon Crawl Stone Soup version 0.25.1-2-g60ff931df9 (webtiles) character file.

Game seed: 18226067385961464301

561 sahdkjhfkaj the Shooter (level 7, -1/57 HPs)
             Began as a Barachi Hunter on Oct 26, 2020.
             Slain by a worker ant (2 damage)
             ... on level 5 of the Dungeon.
             The game lasted 00:04:32 (3775 turns).

sahdkjhfkaj the Shooter (Barachi Hunter)            Turns: 3775, Time: 00:04:33

Health: -1/57      AC:  6    Str: 15    XL:     7   Next: 31%
Magic:  7/7        EV: 11    Int: 11    God:
Gold:   286        SH:  0    Dex: 13    Spells: 6/6 levels left

rFire    . . .     SeeInvis .   j - -2 short sword (curse)
rCold    . . .     Gourm    .   (no shield)
rNeg     . . .     Faith    .   i - +1 ring mail
rPois    .         Spirit   .   (no helmet)
rElec    .         Reflect  .   (no cloak)
rCorr    .         Harm     .   (no gloves)
MR       .....                  (no boots)
Stlth    +.........             (no amulet)
HPRegen  0.19/turn              (no ring)
MPRegen  0.10/turn              (no ring)

@: lethally poisoned (-1 -> -4), slow
A: +LOS, swims, slowness 1, strong legs 1
a: Hop


You were on level 5 of the Dungeon.
You were hungry.

You visited 1 branch of the dungeon, and saw 5 of its levels.

You collected 286 gold pieces.

Inventory:

Hand Weapons
 a - a +3 shortbow
 b - a +0 short sword
 j - a cursed -2 short sword (weapon)
Missiles
 d - 33 arrows
Armour
 i - a +1 ring mail (worn)
Jewellery
 q - an uncursed ring of magical power {unknown}
 s - an uncursed amulet of reflection {unknown}
 u - a +6 ring of strength {unknown}
Scrolls
 e - a scroll of blinking {!r}
 l - 3 scrolls of teleportation {!r}
 o - 2 scrolls of magic mapping {!r}
Potions
 c - a potion of stabbing {!q, unknown}
 h - 6 potions of curing {!q}
 m - a potion of flight {!q, unknown}
 n - a potion of degeneration {!q, unknown}
 p - 2 potions of brilliance {!q, unknown}
 t - a potion of resistance {!q, unknown}
Comestibles
 f - 8 rations


   Skills:
 + Level 5.6 Fighting
 * Level 7.4 Bows
 - Level 2.1 Dodging
 - Level 0.8 Stealth


You had 6 spell levels left.
You didn't know any spells.
Your spell library was empty.

Dungeon Overview and Level Annotations

Branches:
Dungeon (5/15)
 Temple: D:4-7

Altars:
Gozag

Annotations:
D:5 3 runed translucent doors


Innate Abilities, Weirdness & Mutations

You can be seen from farther away. (+LOS)
You can swim through water.
You cover ground slowly.
You can hop short distances.


Message History

You barely miss the worker ant.
The worker ant is heavily wounded.
You feel sick.
The worker ant bites you but does no damage. x2
Unknown command.
You hit the worker ant but do no damage.
The worker ant is heavily wounded.
The worker ant barely misses you.
Unknown command.
You hit the worker ant.
The worker ant is severely wounded.
You feel sick.
The worker ant bites you but does no damage.
Unknown command.
You hit the worker ant but do no damage.
The worker ant is severely wounded.
You feel sick. The worker ant bites you.
* * * LOW HITPOINT WARNING * * *
The worker ant bites you.
You die...

#####+## ####
##..##..#....#..
.$+.#......@).......
8_$+.....<...a.......
...+.................
$..#.############....
8.##. ... # ## ..


You could see a worker ant.

Vanquished Creatures
  An ice beast (D:3)
  A bullfrog (D:4)
  A hound (D:4)
  An iguana (D:4)
  2 orc wizards (D:4)
  Natasha (twice) (D:4)
  2 worker ants (D:4)
  7 adders
  3 oozes
  3 worms
  2 dart slugs (D:1)
  3 leopard geckos
  12 orcs
  6 bats
  2 giant cockroaches
  9 hobgoblins
  12 jackals
  4 quokkas
  3 frilled lizards (D:2)
  6 goblins
  8 kobolds
  9 rats
99 creatures vanquished.

Notes
Turn   | Place    | Note
-------+----------+-------------------------------------------
     0 | D:1      | sahdkjhfkaj the Barachi Hunter began the quest for the Orb.
     0 | D:1      | Reached XP level 1. HP: 17/17 MP: 1/1
   341 | D:1      | Reached XP level 2. HP: 23/23 MP: 2/2
   710 | D:1      | Reached XP level 3. HP: 29/29 MP: 3/3
  1192 | D:2      | Reached skill level 5 in Bows
  1226 | D:2      | Reached XP level 4. HP: 35/35 MP: 4/4
  1552 | D:2      | Found a faded altar of an unknown god.
  1860 | D:3      | Reached XP level 5. HP: 42/42 MP: 5/5
  2442 | D:4      | Reached skill level 6 in Bows
  2449 | D:4      | Reached XP level 6. HP: 31/49 MP: 6/6
  2467 | D:4      | Noticed an ice beast
  2759 | D:3      | Killed an ice beast
  3019 | D:4      | Reached skill level 5 in Fighting
  3032 | D:4      | Reached skill level 7 in Bows
  3043 | D:4      | Reached XP level 7. HP: 32/56 MP: 7/7
  3416 | D:4      | Noticed Natasha
  3423 | D:4      | Killed Natasha
  3523 | D:4      | Noticed Natasha
  3533 | D:4      | Killed Natasha
  3734 | D:5      | Entered Level 5 of the Dungeon
  3734 | D:5      | Found a runed translucent gate.
  3734 | D:5      | Found an opulent altar of Gozag.
  3734 | D:5      | Found a runed translucent gate.
  3734 | D:5      | Found a runed translucent gate.
  3775 | D:5      | HP: 1/57 [worker ant (3)]
  3775 | D:5      | Slain by a worker ant

Illustrated notes

Levels and vault maps discovered:
D:1:      roderic_dead_forest, layout_basic
D:2:      layout_rooms, chequers_ecumenical_altar_grove
D:3:      layout_rooms, first_ration, item_on_display_a
D:4:      layout_cave_pools, uniq_natasha
D:5:      layout_gridville, ebering_ghost_gozag

Skill      XL: |  1  2  3  4  5  6 |
---------------+-------------------+-----
Fighting       | 3 4 5 |  5.6
Bows           | 5 6 7 |  7.4
Dodging        | |  2.1
Stealth        | |  0.8

Action                   |  1- 3 |  4- 6 |  7- 9 || total
-------------------------+-------+-------+-------++-------
Melee: Short sword       |    90 |     4 |    41 ||   135
 Fire: Shortbow          |    77 |   170 |    37 ||   284
 Abil: Hop               |       |     1 |       ||     1
  Use: Scroll            |     1 |     3 |     4 ||     8
       Potion            |       |       |     1 ||     1
  Eat: Chunk             |     1 |     5 |     3 ||     9
Armor: Leather armour    |    27 |       |       ||    27
       Ring mail         |     3 |    29 |    19 ||    51
Dodge: Dodged            |    93 |    56 |    30 ||   179
